 Dungeon Crawl Stone Soup version 0.23-a0-577-g2b1de94 (webtiles) character file.

1496 StanTheMan the Skirmisher (level 8, -1/73 HPs)
             Began as a Grey Draconian Berserker on Dec 15, 2018.
             Was a Priest of Trog.
             Succumbed to a killer bee's poison
             ... on level 6 of the Dungeon.
             The game lasted 00:35:47 (5954 turns).

StanTheMan the Skirmisher (DrBe)                    Turns: 5954, Time: 00:35:48

Health: -1/73      AC: 14    Str: 21    XL:     8   Next: 51%
Magic:  8/8        EV: 15    Int:  9    God:    Trog [***...]
Gold:   296        SH:  0    Dex: 12    Spells: 7/7 levels left

rFire    + . .     SeeInvis .   a - +1 hand axe
rCold    . . .     Gourm    .   (no shield)
rNeg     . . .     Faith    .   (armour unavailable)
rPois    .         Spirit   .   (helmet restricted)
rElec    .         Reflect  .   i - +2 cloak
rCorr    .         Harm     .   (no gloves)
MR       .....     Rnd*Rage +   (no boots)
Stlth    +.........             (no amulet)
HPRegen  0.22/turn              (no ring)
MPRegen  0.11/turn              (no ring)

@: lethally poisoned (-1 -> -25)
A: walk through water, unfitting armour, berserk 1, clever 1, fire resistance 1,
screaming 3, unbreathing, cold-blooded, AC +11
a: Berserk, Trog's Hand, Renounce Religion


You were on level 6 of the Dungeon.
You worshipped Trog.
Trog was most pleased with you.
You were hungry.

You visited 2 branches of the dungeon, and saw 7 of its levels.

You collected 296 gold pieces.

Inventory:

Hand Weapons
 a - a +1 hand axe (weapon)
Armour
 i - a +2 cloak (worn)
Scrolls
 d - a scroll of remove curse
 e - 2 scrolls of identify
 h - 2 scrolls of enchant armour
 j - a scroll of amnesia
 k - 2 scrolls of teleportation
Potions
 f - 2 potions of haste
 g - a potion of resistance
Comestibles
 b - 7 rations


   Skills:
 + Level 7.5 Fighting
 + Level 6.8 Axes
 + Level 6.2 Dodging


You had 7 spell levels left.
You didn't know any spells.
Your spell library was empty.

Dungeon Overview and Level Annotations

Branches:
Dungeon (6/15)             Temple (1/1) D:4

Altars:
Ashenzari
Cheibriados
Dithmenos
Elyvilon
Fedhas
Gozag
Hepliaklqana
Kikubaaqudgha
Makhleb
Nemelex Xobeh
Okawaru
Qazlal
Trog
Vehumet
Wu Jian
Xom
Yredelemnul
Zin

Annotations:
D:6 Prince Ribbit


Innate Abilities, Weirdness & Mutations

You can walk through water.
Your dull iron-grey scales are very hard. (AC +11)
You cannot fit into any form of body armour.
You can survive without breathing.
You are cold-blooded and may be slowed by cold attacks.
You tend to lose your temper in combat.
Your mind is acute. (Int +2)
Your flesh is heat resistant. (rF+)
You frequently scream uncontrollably at your foes.


Message History

The killer bee is moderately wounded.
You hit the killer bee.
You kill the killer bee!
Trog accepts your kill.
You hit the killer bee.
* * * LOW HITPOINT WARNING * * *
You feel sick. The killer bee barely misses you. The killer bee stings you.
* * * LOW HITPOINT WARNING * * *
The killer bee stings you.
* * * LOW HITPOINT WARNING * * *
The killer bee stings you.
* * * LOW HITPOINT WARNING * * *
You closely miss the killer bee.
You tail-slap the killer bee, but do no damage.
The killer bee is moderately wounded.
You barely miss the killer bee.
* * * LOW HITPOINT WARNING * * *
You feel sick. The killer bee misses you. The killer bee closely misses you.
The killer bee barely misses you. x2
You die...

#.# #.# #.# #.# #.# ..
#.# ....###.## #
.......yy#.###
.##.###@..#..
.##.###.##.#############
...........##......†...†
###.###.......##########
#########


You could see 2 killer bees.

Vanquished Creatures
  4 yaks (D:6)
  An ogre (D:6)
  A centaur (D:5)
  A bullfrog (D:6)
  A scorpion (D:4)
  2 killer bees (D:6)
  A crimson imp (D:5)
  An orc wizard (D:4)
  A hound (D:5)
  A gnoll shaman (D:5)
  An iron imp (D:5)
  A bullfrog skeleton (D:4)
  Terence (D:2)
  An iguana (D:4)
  3 worker ants (D:4)
  A hound skeleton (D:4)
  7 gnolls
  A howler monkey skeleton (D:4)
  8 adders
  2 adder zombies
  An adder skeleton (D:4)
  4 worms
  5 leopard geckos
  5 orcs
  4 giant cockroaches
  8 goblins
  9 hobgoblins
  11 jackals
  11 kobolds
  5 ball pythons
  4 bats
  6 frilled lizards
  A jackal skeleton (D:4)
  2 leopard gecko skeletons (D:4)
  10 rats
  A spectral orc (D:5)
127 creatures vanquished.

Vanquished Creatures (others)
  3 fungi (D:5)
3 creatures vanquished.

Grand Total: 130 creatures vanquished

Notes
Turn   | Place    | Note
-------+----------+-------------------------------------------
     0 | D:1      | StanTheMan the Draconian Berserker began the quest for the
                  | Orb.
     0 | D:1      | Reached XP level 1. HP: 19/19 MP: 1/1
    31 | D:1      | Reached XP level 2. HP: 19/26 MP: 2/2
  1234 | D:2      | Reached ** piety under Trog
  1234 | D:2      | Reached XP level 3. HP: 29/33 MP: 3/3
  1368 | D:2      | Noticed Terence
  1378 | D:2      | Killed Terence
  1378 | D:2      | Reached skill level 4 in Fighting
  1378 | D:2      | Reached XP level 4. HP: 40/40 MP: 4/4
  1972 | D:2      | Gained mutation: You tend to lose your temper in combat.
                  | [potion of mutation]
  1972 | D:2      | Gained mutation: You occasionally shout uncontrollably at
                  | your foes. [potion of mutation]
  1972 | D:2      | Gained mutation: Your spells are a little harder to cast,
                  | but a little more powerful. [potion of mutation]
  1972 | D:2      | Gained mutation: Your natural rate of healing is unusually
                  | fast. [potion of mutation]
  2671 | D:3      | Found a radiant altar of Vehumet.
  2892 | D:3      | Reached XP level 5. HP: 47/47 MP: 5/5
  2942 | D:3      | Reached *** piety under Trog
  3450 | D:4      | Reached skill level 5 in Fighting
  3569 | D:4      | Reached XP level 6. HP: 52/56 MP: 6/6
  3645 | D:4      | Found a staircase to the Ecumenical Temple.
  3702 | Temple   | Entered the Ecumenical Temple
  3821 | D:4      | Found a blossoming altar of Fedhas.
  4540 | D:4      | Reached skill level 5 in Axes
  4648 | D:5      | Entered Level 5 of the Dungeon
  4766 | D:5      | Found a snail-covered altar of Cheibriados.
  4823 | D:5      | Found an iron altar of Okawaru.
  4854 | D:5      | Your scales start taking on a dull iron-grey colour.
  4854 | D:5      | Reached XP level 7. HP: 41/62 MP: 7/7
  4854 | D:5      | Gained mutation: You can survive without breathing. [Grey
                  | Draconian growth]
  4859 | D:5      | Lost mutation: Your natural rate of healing is unusually
                  | fast. [potion of mutation]
  4859 | D:5      | Lost mutation: Your spells are a little harder to cast, but
                  | a little more powerful. [potion of mutation]
  4859 | D:5      | Gained mutation: You sometimes yell uncontrollably at your
                  | foes. [potion of mutation]
  4859 | D:5      | Gained mutation: Your flesh is heat resistant. (rF+)
                  | [potion of mutation]
  4859 | D:5      | Gained mutation: You frequently scream uncontrollably at
                  | your foes. [potion of mutation]
  4859 | D:5      | Gained mutation: Your mind is acute. (Int +2) [potion of
                  | mutation]
  4866 | D:5      | Found a shadowy altar of Dithmenos.
  4958 | D:5      | Reached skill level 5 in Dodging
  4960 | D:5      | Reached skill level 6 in Fighting
  5287 | D:5      | Found a basalt altar of Yredelemnul.
  5388 | D:5      | Found a hazy altar of Hepliaklqana.
  5442 | D:5      | Found an opulent altar of Gozag.
  5731 | D:6      | Noticed a yak
  5731 | D:6      | Noticed a yak
  5732 | D:6      | Noticed a yak
  5732 | D:6      | Noticed a yak
  5741 | D:6      | Killed a yak
  5742 | D:6      | Killed a yak
  5742 | D:6      | Reached XP level 8. HP: 36/71 MP: 8/8
  5744 | D:6      | Reached skill level 7 in Fighting
  5752 | D:6      | Noticed Prince Ribbit
  5752 | D:6      | HP: 1/73 [centaur/arrow (12)]
  5953 | D:6      | HP: 2/73 [poisoned by a killer bee]
  5954 | D:6      | Succumbed to a killer bee's poison

Vault maps used:
D:1:      dpeg_arrival_boxes_within_box
D:2:      first_ration, uniq_terence
D:3:      lemuel_crystal_altar, minmay_misc_feat_pillars
D:4:      minmay_diamond_boxcup, fedhas_altar_2, temple_doors_e
D:5:      kennysheep_little_box, yredelemnul_forgotten_temple_becter,
          slow_altar_1, kennysheep_mini_moat, nicolae_overflow_crystal_walls,
          basic_altar, serial_aquarium, aquarium_bridge_square,
          aquarium_window_corridor_1, aquarium_window_double, aquarium_window_2,
          aquarium_view_2e, aquarium_view_2a
D:6:      centaur_isle, uniq_prince_ribbit1
Temple:   jpeg_temple_clearing

Skill      XL: |  1  2  3  4  5  6  7  8 |
---------------+-------------------------+-----
Dodging        | 3 4 5 6 |  6.2
Fighting       | 4 5 6 7 |  7.5
Axes           | 4 5 6 |  6.8

Action                   |  1- 3 |  4- 6 |  7- 9 || total
-------------------------+-------+-------+-------++-------
Melee: Hand axe          |    91 |   311 |   119 ||   521
       Tailslap          |     7 |    26 |    24 ||    57
Invok: Berserk           |     1 |     1 |     1 ||     3
       Trog's Hand       |     1 |       |     1 ||     2
  Use: Scroll            |       |    10 |     2 ||    12
       Potion            |       |     7 |     4 ||    11
 Stab: Sleeping          |       |     1 |       ||     1
  Eat: Ration            |     1 |     2 |     1 ||     4
       Chunk             |       |     6 |       ||     6
Armor: Skin              |    24 |   107 |    55 ||   186
Dodge: Dodged            |    62 |   250 |   128 ||   440

Table legend:
 A = Non-vault XP
 B = Vault XP
 C = Vault XP percentage of total XP
 D = Non-vault monster count
 E = Vault monster count
 F = Vault count percentage of total count
                 A         B        C        D         E       F
            +---------+---------+-------+---------+---------+-------
      Total |    1953 |     185 |   8.7 |     118 |       9 |   7.1
            +---------+---------+-------+---------+---------+-------
        D:1 |      37 |       0 |   0.0 |      25 |       0 |   0.0
        D:2 |      66 |      36 |  35.3 |      23 |       1 |   4.2
        D:3 |      79 |       0 |   0.0 |      29 |       0 |   0.0
        D:4 |     295 |     109 |  27.0 |      18 |       6 |  25.0
        D:5 |     319 |      40 |  11.1 |      12 |       2 |  14.3
        D:6 |    1157 |       0 |   0.0 |      11 |       0 |   0.0
            +---------+---------+-------+---------+---------+-------
